 Dungeon Crawl Stone Soup version 0.17.0-28-g6e173f8 (webtiles) character file.

6691 gorblad the Arsonist (level 11, -4/68 HPs)
             Began as a Human Fire Elementalist on Dec 2, 2015.
             Was a High Priest of Sif Muna.
             Slain by a porcupine (9 damage)
             ... on level 1 of the Lair of Beasts.
             The game lasted 00:57:15 (11841 turns).

gorblad the Arsonist (Human Fire Elementalist)     Turns: 11841, Time: 00:57:15

Health: -4/68      AC: 13    Str:  9    XL:     11   Next: 23%
Magic:  17/24      EV: 12    Int: 18    God:    Sif Muna [*****.]
Gold:   514        SH:  0    Dex: 14    Spells: 8 memorised, 5 levels left

rFire  . . .     SeeInvis +     i - +7 triple sword (protect)
rCold  . . .     Clarity  .     y - +2 robe {Archmagi}
rNeg   + . .     SustAt   .     (shield currently unavailable)
rPois  .         Gourm    .     o - +2 helmet
rElec  .         Spirit   .     (no cloak)
rCorr  .         Warding  .     l - +0 pair of gloves
rMut   .         Stasis   .     (no boots)
MR     .....                    (no amulet)
Stlth  ++........               h - ring of see invisible
                                L - ring of positive energy

@: not resistant to hostile enchantments, unstealthy
A: no striking features
a: Channel Energy, Forget Spell, Renounce Religion


You were on level 1 of the Lair of Beasts.
You worshipped Sif Muna.
Sif Muna was extremely pleased with you.
You were very hungry.

You visited 3 branches of the dungeon, and saw 11 of its levels.
You also visited: Sewer.

You collected 514 gold pieces.

Inventory:

Hand Weapons
 i - a +7 triple sword of protection (weapon)
Armour
 l - a +0 pair of gloves (worn)
 o - a +2 helmet (worn)
 y - a +2 robe of the Archmagi (worn)
Jewellery
 h - a ring of see invisible (right hand)
 j - an uncursed ring of protection from magic {unknown}
 s - an uncursed ring of protection from fire
 G - an uncursed ring of protection from cold
 L - a ring of positive energy (left hand)
 Q - an uncursed ring of protection from cold
Wands
 d - a wand of confusion (30)
 q - a wand of fire (15)
 A - a wand of frost (24)
 C - a wand of slowing (23)
Scrolls
 e - 5 scrolls of teleportation
 k - 4 scrolls of amnesia
 r - 2 scrolls of identify
 w - 4 scrolls of remove curse
 x - 2 scrolls of fog
 O - 2 scrolls of fear
Potions
 a - a potion of haste {unknown}
 n - 6 potions of flight
 t - a potion of agility
 u - 2 potions of curing
 v - a potion of lignification
 z - 4 potions of brilliance
 B - 3 potions of might
 E - 2 potions of berserk rage
 F - a potion of poison {unknown}
 H - a potion of invisibility {unknown}
 I - a potion of mutation {unknown}
Books
 b - a book of Flames

   Spells                             Type                      Level
   a - Flame Tongue                   Conjuration/Fire             1
   b - Throw Flame                    Conjuration/Fire             2
   c - Conjure Flame                  Conjuration/Fire             3
   d - Inner Flame                    Hexes/Fire                   3
   e - Sticky Flame                   Conjuration/Fire             4
   f - Fireball                       Conjuration/Fire             5
 D - a book of Minor Magic

   Spells                             Type                      Level
   a - Magic Dart                     Conjuration                  1
   b - Blink                          Translocation                2
   c - Call Imp                       Summoning                    2
   d - Repel Missiles                 Charms/Air                   2
   e - Slow                           Hexes                        2
   f - Conjure Flame                  Conjuration/Fire             3
   g - Mephitic Cloud                 Conjuration/Poison/Air       3
 N - a book of Enchantments

   Spells                             Type                      Level
   a - Cause Fear                     Hexes                        4
   b - Silence                        Hexes/Air                    5
   c - Deflect Missiles               Charms/Air                   6
   d - Haste                          Charms                       6
   e - Discord                        Hexes                        8
Comestibles
 c - 7 bread rations
 f - 8 beef jerkies
 m - 7 slices of pizza
 p - 2 meat rations
 M - a royal jelly


   Skills:
 - Level 2.0 Dodging
 - Level 2.0 Stealth
 - Level 9.1 Spellcasting
 - Level 9.1 Conjurations
 * Level 10.3 Fire Magic


You had 5 spell levels left.
You knew the following spells:

 Your Spells              Type           Power        Failure   Level  Hunger
a - Flame Tongue          Conj/Fire      #####        1%          1    None
b - Throw Flame           Conj/Fire      ######       1%          2    None
c - Conjure Flame         Conj/Fire      ######..     1%          3    None
d - Inner Flame           Hex/Fire       #####...     3%          3    None
e - Sticky Flame          Conj/Fire      ######..     1%          4    ###....
f - Blink                 Tloc           N/A          14%         2    None
g - Fireball              Conj/Fire      ######....   4%          5    #####..
h - Mephitic Cloud        Conj/Pois/Air  ####....     10%         3    None


Dungeon Overview and Level Annotations

Branches:
Dungeon (9/15)             Temple (1/1) D:4            Lair (1/8) D:9
    Orc: D:9-12

Altars:
Ashenzari
Cheibriados
Dithmenos
Elyvilon
Fedhas
Kikubaaqudgha
Makhleb
Nemelex Xobeh
Okawaru
Qazlal
Ru
Sif Muna
Trog
Vehumet
Xom
Zin
The Shining One

Shops:
D:5 %   D:6 *


Message History

Casting: Sticky Flame
Confirm with . or Enter, or press ? or * to list all spells.
Aiming: Sticky Flame
Press: ? - help, Shift-Dir - straight line, f - yak, p - crocodile
Aim: a yak (lightly wounded)
You feel a surge of power!
The sticky flame hits the yak.
The yak is heavily wounded.
The yak is covered in liquid flames!
You are feeling very hungry.
The yak burns!
The crocodile burns!
The porcupine bites you. The yak gores you!
* * * LOW HITPOINT WARNING * * *
The crocodile bites you.
* * * LOW HITPOINT WARNING * * *
The porcupine bites you!
* * * LOW HITPOINT WARNING * * *
Drink which item? (? for menu, Esc to quit)
You feel better.
The yak burns!
The crocodile burns!
The yak gores you!
* * * LOW HITPOINT WARNING * * *
The crocodile misses you. The porcupine bites you!
You die...

#.# #..................
#.# #.>................
# ##.#
#........##........
#.##..#
##........###.......
##.#.#.# #.#........
#.####.. .....#.###
#........## .## .#.
.....$...#####..........
....
..........##...t........
...........†...Y@......#
....###.....†...r.......
...# #...###...........
Y.. #.#.# ##..........
## #.#.# ###.###.##.
..... .... .# #PP..##
#..## # ####.# ##.#


You could see a yak (burning), a crocodile (burning) and a porcupine.

Vanquished Creatures
  Joseph (Lair:1)
  2 spiny frogs (Lair:1)
  Sigmund (D:3)
  5 yaks
  A human (D:8)
  Eustachio (D:6)
  A wyvern (D:5)
  A hippogriff (D:6)
  Edmund (D:6)
  3 ice beasts
  3 water moccasins
  A sky beast (D:8)
  6 ogres
  3 orc warriors (D:7)
  A necrophage (D:5)
  5 centaurs
  A wasp (D:7)
  A crocodile (Lair:1)
  2 giant frogs
  2 big kobolds
  7 killer bees
  2 scorpions
  A quasit (D:8)
  3 crimson imps
  Crazy Yiuf (D:6)
  Ijyb (D:2)
  4 hounds
  2 giant frog skeletons
  3 orc priests
  9 orc wizards
  Terence (D:3)
  Natasha (thrice) (D:3)
  An iguana (D:4)
  3 sheep (D:8)
  3 worker ants
  4 hound skeletons
  A worker ant zombie (D:7)
  Robin (D:2)
  12 adders
  11 gnolls
  7 river rats (Sewer)
  2 shadow imps
  4 adder zombies
  3 adder skeletons
  6 giant geckos
  29 orcs
  12 ball pythons
  7 giant cockroaches
  5 hobgoblins
  2 jackals (D:6)
  25 kobolds
  2 quokkas
  8 bats
  A giant gecko skeleton (D:6)
  A giant gecko zombie (D:7)
  5 giant newts
  14 goblins
  23 rats
271 creatures vanquished.

Notes
Turn   | Place    | Note
--------------------------------------------------------------
     0 | D:1      | gorblad the Human Fire Elementalist began the quest for the Orb.
     0 | D:1      | Reached XP level 1. HP: 13/13 MP: 3/3
   379 | D:1      | Reached XP level 2. HP: 19/19 MP: 0/5
   967 | D:1      | Reached XP level 3. HP: 8/24 MP: 0/7
  1269 | D:2      | Noticed Ijyb
  1427 | D:2      | Killed Ijyb
  1427 | D:2      | Reached XP level 4. HP: 10/30 MP: 0/9
  1783 | D:2      | Reached skill level 4 in Spellcasting
  1823 | D:2      | Noticed Robin
  1891 | D:2      | Killed Robin
  2085 | D:2      | Learned a level 2 spell: Throw Flame
  2089 | D:2      | Learned a level 3 spell: Conjure Flame
  2093 | D:2      | Learned a level 3 spell: Inner Flame
  2119 | D:2      | Reached XP level 5. HP: 35/35 MP: 4/11
  2403 | D:3      | Found an ancient bone altar of Kikubaaqudgha.
  2436 | D:3      | Noticed Sigmund
  2452 | D:3      | Killed Sigmund
  2452 | D:3      | Reached XP level 6. HP: 36/41 MP: 2/12
  2710 | D:3      | Noticed Natasha
  2712 | D:3      | Noticed Terence
  2723 | D:3      | Killed Natasha
  2741 | D:3      | Noticed Natasha
  2751 | D:3      | Killed Terence
  2751 | D:3      | Reached XP level 7. HP: 41/46 MP: 1/13
  2763 | D:3      | Killed Natasha
  3116 | D:3      | Noticed Natasha
  3120 | D:3      | Killed Natasha
  3623 | D:4      | Reached skill level 5 in Fire Magic
  3659 | D:4      | Found a white marble altar of Elyvilon.
  3738 | D:4      | Reached skill level 5 in Spellcasting
  3781 | D:4      | Found a radiant altar of Vehumet.
  3781 | D:4      | Found a burning altar of Makhleb.
  3782 | D:4      | Found a sparkling altar of Nemelex Xobeh.
  3893 | D:4      | Found a glowing drain.
  3900 | Sewer    | Entered a sewer
  4501 | Sewer    | Reached XP level 8. HP: 52/52 MP: 8/15
  4541 | Sewer    | Reached skill level 5 in Conjurations
  4897 | Sewer    | Learned a level 4 spell: Sticky Flame
  5162 | Sewer    | Identified a scroll of acquirement
  5278 | D:4      | Found a staircase to the Ecumenical Temple.
  5384 | D:4      | Reached skill level 6 in Conjurations
  5694 | Temple   | Entered the Ecumenical Temple
  5867 | Temple   | Became a worshipper of Sif Muna the Loreminder
  5970 | D:5      | Entered Level 5 of the Dungeon
  6136 | D:5      | Found Vitih's Food Shoppe.
  6301 | D:5      | Reached skill level 7 in Conjurations
  6497 | D:5      | Reached * piety under Sif Muna
  6508 | D:5      | Reached skill level 8 in Conjurations
  6508 | D:5      | Reached XP level 9. HP: 27/57 MP: 4/16
  7071 | D:6      | Noticed Crazy Yiuf
  7078 | D:6      | Killed Crazy Yiuf
  7241 | D:6      | Reached skill level 9 in Conjurations
  7469 | D:6      | Reached ** piety under Sif Muna
  7600 | D:6      | Noticed Eustachio
  7608 | D:6      | Killed Eustachio
  7615 | D:6      | Found Petwot's General Store.
  7662 | D:6      | Found a snail-covered altar of Cheibriados.
  7861 | D:6      | Found a shimmering altar of Xom.
  7988 | D:6      | Noticed Edmund
  8025 | D:6      | Killed Edmund
  8477 | D:6      | Learned a level 2 spell: Blink
  8483 | D:6      | Learned a level 5 spell: Fireball
  8736 | D:7      | Reached *** piety under Sif Muna
  8736 | D:7      | Reached XP level 10. HP: 50/63 MP: 5/22
  9601 | D:7      | Reached **** piety under Sif Muna
  9876 | D:7      | Found a sacrificial altar of Ru.
  9998 | D:7      | Learned a level 3 spell: Mephitic Cloud
 11190 | D:9      | Reached ***** piety under Sif Muna
 11281 | D:9      | Found a staircase to the Lair.
 11293 | Lair:1   | Entered Level 1 of the Lair of Beasts
 11293 | Lair:1   | Noticed a spiny frog
 11308 | Lair:1   | Killed a spiny frog
 11447 | Lair:1   | Noticed a spiny frog
 11450 | Lair:1   | Noticed Joseph
 11453 | Lair:1   | Killed a spiny frog
 11453 | Lair:1   | Reached XP level 11. HP: 62/68 MP: 11/24
 11469 | Lair:1   | Killed Joseph
 11826 | Lair:1   | Reached skill level 10 in Fire Magic
 11841 | Lair:1   | Slain by a porcupine

Action                   |  1- 3 |  4- 6 |  7- 9 | 10-12 || total
-------------------------+-------+-------+-------+-------++-------
Melee: Unarmed           |    26 |       |       |       ||    26
       Dagger            |       |    36 |    45 |       ||    81
       Triple sword      |       |       |    37 |    79 ||   116
 Cast: Flame Tongue      |    58 |    81 |   244 |    15 ||   398
       Conjure Flame     |       |     5 |     8 |     9 ||    22
       Throw Flame       |       |       |    81 |   145 ||   226
       Sticky Flame      |       |       |     4 |    11 ||    15
       Fireball          |       |       |       |     2 ||     2
       Blink             |       |       |       |     2 ||     2
       Mephitic Cloud    |       |       |       |     1 ||     1
  Use: Potion            |     1 |     1 |     1 |     8 ||    11
       Scroll            |     2 |     7 |    12 |     3 ||    24
 Stab: Distracted        |     1 |       |     1 |       ||     2
       Sleeping          |       |       |     1 |       ||     1
  Eat: Chunk             |     2 |     4 |    20 |     9 ||    35
       Beef jerky        |       |       |       |     1 ||     1
